AoeStats
← The Crusader

Arabian Desert

509376378Analyzed
1v1 RM · 6d ago on Sep 26, 2026· 48m 25s· 2 players
Game mode
Random Map
Map size
Tiny (2 player)
Population
200
Speed
Normal
Resources
Standard
Victory
Conquest
Starting age
Dark Age
Ending age
Imperial Age
RankedLock teamsTeams togetherTeam positionsShared explorationLock speedFull tech treeHidden civsTurbo modeCheats
Victory
Defeat
🇺🇸 Magyars · United States
1696
+21
🇬🇷 Saxons · Greece
1800
-21
The Crusader
6:04 Loom
8:47 Feudal Age
9:24 Double-Bit Axe
10:20 Horse Collar
16:18 Wheelbarrow
20:07 Castle Age
19:11 Bloodlines
20:49 Husbandry
20:41 Fletching
24:02 Bow Saw
25:21 Heavy Plow
28:38 Bodkin Arrow
29:21 Ballistics
29:52 Padded Archer Armor
30:30 Town Watch
30:59 Scale Barding Armor
33:14 Chain Barding Armor
36:07 Hand Cart
39:14 Imperial Age
37:14 Gold Mining
37:36 Thumb Ring
39:58 Bracer
39:22 Elite Skirmisher
39:25 Heavy Cavalry Archer
41:30 Chemistry
41:17 Leather Archer Armor
42:00 Parthian Tactics
42:20 Conscription
42:30 Conscription
42:44 Crop Rotation
43:01 Ring Archer Armor
44:07 Plate Barding Armor
44:10 Recurve Bow
44:16 Corvinian Army
44:09 Elite Magyar Huszar
Dr_Sandman
6:12 Loom
8:40 Feudal Age
9:13 Double-Bit Axe
17:02 Gold Mining
17:11 Horse Collar
17:27 Horse Collar
20:07 Castle Age
19:50 Fletching
20:11 Crossbowman
21:17 Bodkin Arrow
23:25 Ballistics
23:07 Padded Archer Armor
29:42 Leather Archer Armor
30:10 Bow Saw
30:40 Wheelbarrow
30:18 Heavy Plow
30:51 Thumb Ring
33:18 Stone Mining
36:08 Imperial Age
33:57 Scale Mail Armor
34:07 Squires
33:52 Gambesons
36:33 Hand Cart
36:51 Bracer
38:25 Chemistry
38:17 Chain Mail Armor
39:02 Arbalester
42:09 Pikeman
43:45 Plate Mail Armor
42:51 Elite Skirmisher
44:33 Ring Archer Armor
44:09 Halberdier
45:03 Forging
45:55 Town Watch
47:17 Conscription
47:51 Hand Cart
Connection lost

Rejoining the realm…

Still unreachable

The connection could not be restored.

Session expired

The server has moved on; the page needs a fresh start.